 Dungeon Crawl Stone Soup version 0.29-a0-72-g1732ff48e7 (webtiles) character file.

Game seed: 5347108049844519899

22 porpoise the Skirmisher (level 2, 0/32 HPs)
             Began as an Ogre Warper on Feb 4, 2022.
             Slain by Sigmund (11 damage)
             ... on level 2 of the Dungeon.
             The game lasted 00:02:53 (1615 turns).

porpoise the Skirmisher (Ogre Warper)               Turns: 1615, Time: 00:02:54

Health: 0/32       AC:  3    Str: 14    XL:     2   Next: 91%
Magic:  5/5        EV:  9    Int: 14    God:
Gold:   11         SH:  0    Dex:  8    Spells: 3/5 levels left

rFire   . . .      SeeInvis .   a - +0 mace
rCold   . . .      Faith    .   (no shield)
rNeg    . . .      Spirit   .   b - +0 robe
rPois   .          Reflect  .   (helmet restricted)
rElec   .          Harm     .   (no cloak)
rCorr   .          Rampage  .   (gloves unavailable)
Will    .....                   (boots unavailable)
Stlth   +.........              (no amulet)
HPRegen 0.10/turn               (no ring)
MPRegen 0.09/turn               (no ring)

@: no status effects
A: large, unfitting armour, tough skin 1
a: no special abilities


You were on level 2 of the Dungeon.
You visited 1 branch of the dungeon, and saw 2 of its levels.

You collected 11 gold pieces.

Inventory:

Hand Weapons
 a - a +0 mace (weapon)
Missiles
 d - 5 boomerangs of dispersal (quivered)
 e - 65 stones
 h - 32 bolts
 i - 2 poisoned darts
Armour
 b - a +0 robe (worn)
Scrolls
 c - a scroll of blinking
 f - a scroll of noise {unknown}
 j - a scroll of summoning {unknown}
Potions
 g - a potion of curing {unknown}
 k - a potion of might {unknown}


   Skills:
 + Level 3.6 Fighting
 + Level 2.4 Maces & Flails
 - Level 1.0 Throwing
 - Level 2.1 Dodging
 - Level 2.4 Spellcasting
 - Level 2.6 Translocations


You had 3 spell levels left.
You knew the following spells:

 Your Spells              Type           Power      Damage    Failure   Level
k - Blink                 Tloc           18%        N/A       12%         2

Your spell library contained the following spells:

 Spells                   Type           Power      Damage    Failure   Level
 Gell's Gravitas          Tloc           9%         N/A       22%         3
 Lesser Beckoning         Tloc           9%         N/A       22%         3
 Teleport Other           Tloc           9%         N/A       22%         3
 Tukima's Dance           Hex            1%         N/A       56%         3
 Passage of Golubria      Tloc           9%         N/A       58%         4
 Manifold Assault         Tloc           9%         N/A       91%         5
 Yara's Violent Unravell  Hex/Tmut       0%         3d3       99%         5


Dungeon Overview and Level Annotations

Branches:
Dungeon (2/15)

Altars:
Vehumet

Annotations:
D:2 Sigmund


Innate Abilities, Weirdness & Mutations

You are too large for most types of armour.
You have tough skin. (AC +1)


Message History

You kill the jackal!
The jackal barely misses you.
You closely miss the jackal.
The jackal bites you but does no damage.
The jackal barely misses you.
You hit the jackal.
The jackal is moderately wounded.
The jackal bites you.
You closely miss the jackal.
The jackal is moderately wounded.
The jackal bites you. The jackal barely misses you.
You closely miss the jackal.
The jackal is moderately wounded.
The jackal barely misses you.
The jackal bites you but does no damage.
You closely miss the jackal.
The jackal is moderately wounded.
The jackal bites you but does no damage.
The jackal closely misses you.
You sock the jackal!
You kill the jackal!
You barely miss the rat. The rat completely misses you.
You thump the rat!
You kill the rat!
Things that are here:
a rat corpse; a jackal corpse You start resting.
HP restored.
Sigmund the Dreaded comes into view.
He is wielding a +1 scythe of freezing.
Sigmund gestures at you while chanting. The puff of flame hits you!
Sigmund hits you with a +1 scythe of freezing!
Sigmund freezes you.
You sock Sigmund!
Sigmund is moderately wounded.
Sigmund closely misses you.
You hit Sigmund.
Sigmund is moderately wounded.
Sigmund hits you with a +1 scythe of freezing!
You die...

#..# #...#
#..# #.###
### #.@#
#.# ...
#..# #†#
####.##..#
#.#
#........#
#.#
.........#
#.#
#..#####.#
#...@@...#
#..#######
##.# #.#
#.# #.#
#.# #.#
#.#


You could see Sigmund.

Vanquished Creatures
  A giant cockroach (D:1)
  3 hobgoblins
  3 jackals (D:2)
  2 quokkas (D:1)
  4 ball pythons (D:1)
  A bat (D:1)
  A frilled lizard (D:1)
  A kobold (D:1)
  7 rats
23 creatures vanquished.

Notes
Turn   | Place    | Note
-------+----------+-------------------------------------------
     0 | D:1      | porpoise the Ogre Warper began the quest for the Orb.
     0 | D:1      | Reached XP level 1. HP: 22/22 MP: 3/3
   365 | D:1      | Reached skill level 3 in Fighting
   740 | D:1      | Found a faded altar of an unknown god.
   750 | D:1      | Reached XP level 2. HP: 28/31 MP: 5/5
  1180 | D:1      | Learned a level 2 spell: Blink
  1430 | D:2      | Found a radiant altar of Vehumet.
  1603 | D:2      | Noticed Sigmund
  1615 | D:2      | Slain by Sigmund

Illustrated notes

Levels and vault maps discovered:
D:1:      dpeg_arrival_arbitrary_a, layout_basic,
          shapermc_ecumenical_altar_mp_urbaneastern
D:2:      layout_loops_ring, basic_altar, uniq_sigmund

Skill      XL: |  1 |
---------------+----+-----
Fighting       | 3 |  3.6
Maces & Flails | 2 |  2.4
Throwing       | |  1.0
Dodging        | |  2.1
Spellcasting   | |  2.4
Translocations | |  2.6

Action                   || total
-------------------------++-------
Melee: Mace              ||    89
Armor: Robe              ||    25
Dodge: Dodged            ||    48

Table legend: (Time is in decaauts)
 A = Elapsed time spent in this place.
 B = Non-inter-level travel time spent in this place.
 C = Inter-level travel time spent in this place.
 D = Time resting spent in this place.
 E = Time spent auto-exploring this place.
 F = Levels seen in this place.
 G = Mean time per level.
                   A        B        C        D        E       F      G
               +--------+--------+--------+--------+--------+-----+--------+
         Total |   1640 |   1591 |     49 |    725 |    629 |   2 |  820.0 |
       Dungeon |   1640 |   1591 |     49 |    725 |    629 |   2 |  820.0 |
               +--------+--------+--------+--------+--------+-----+--------+

Top non-repeatable levels by time:
     D:1: 1369 daAuts
     D:2: 271 daAuts
